 Dungeon Crawl Stone Soup version 0.26.0-3-g156281e41b (webtiles) character file.

Game seed: 7550502812642064487

895 teolandon225 the Covert (level 7, 0/32 HPs)
             Began as a Spriggan Enchanter on Jan 10, 2021.
             Was an Initiate of Kikubaaqudgha.
             Killed by divine providence
             ... invoked by an orc priest
              (10 damage)
             ... on level 5 of the Dungeon.
             The game lasted 00:23:44 (7766 turns).

teolandon225 the Covert (Spriggan Enchanter)        Turns: 7766, Time: 00:23:44

Health: 0/32       AC:  7    Str:  4    XL:     7   Next: 78%
Magic:  5/12       EV: 21    Int: 18    God:    Kikubaaqudgha [......]
Gold:   130        SH: 10    Dex: 17    Spells: 3/11 levels left

rFire    + . .     SeeInvis +   t - +2 dagger (drain)
rCold    + . .     Faith    .   n - +3 buckler
rNeg     . . .     Spirit   .   y - +1 robe {Will+}
rPois    .         Reflect  .   (helmet restricted)
rElec    .         Harm     .   r - scarf {rC+ rF+}
rCorr    .         Rampage  .   (gloves unavailable)
Will     ++...                  (boots unavailable)
Stlth    ++++......             (no amulet)
HPRegen  0.10/turn              v - ring of wizardry
MPRegen  0.13/turn              g - +4 ring of protection

@: very quick
A: very small, unfitting armour, see invisible, speed 3
a: Renounce Religion


You were on level 5 of the Dungeon.
You worshipped Kikubaaqudgha.
Kikubaaqudgha was noncommittal.
You visited 1 branch of the dungeon, and saw 5 of its levels.

You collected 214 gold pieces.
You spent 84 gold pieces at shops.

Inventory:

Hand Weapons
 a - a +2 dagger of flaming
 b - a +0 hunting sling
 d - a +2 short sword of holy wrath
 o - a +1 dagger
 t - a +2 dagger of draining (weapon)
 B - the +3 scimitar of Resourcefulness {drain, *Corrode rF+ Will++ Str+2, unknown}
   (You found it on level 5 of the Dungeon)

   A truly terrible weapon, it drains the life of those it strikes.
   It affects your strength (+2).
   It protects you from fire.
   It affects your willpower, your defense against some magical effects.
   It may corrode you when you take damage.
Missiles
 l - 106 stones (quivered)
Armour
 k - a +0 robe
 n - a +3 buckler (worn)
 r - a scarf of resistance (worn)
 y - a +1 robe of willpower (worn)
Jewellery
 c - an uncursed ring of fire
 g - a +4 ring of protection (right hand)
 h - an uncursed ring of poison resistance
 m - an uncursed ring of poison resistance
 v - a ring of wizardry (left hand)
Wands
 u - a wand of paralysis (4)
 w - a wand of random effects (16)
Scrolls
 i - 2 scrolls of amnesia
 p - a scroll of blinking
 q - 2 scrolls of remove curse
Potions
 e - a potion of degeneration {unknown}
 f - 2 potions of curing
 j - a potion of magic {unknown}
 s - a potion of brilliance {unknown}
 x - 2 potions of lignification
 z - 2 potions of flight {unknown}


   Skills:
 - Level 1.1 Short Blades
 + Level 5.8 Dodging
 * Level 9.4 Stealth
 * Level 3.4 Shields
 - Level 2.6 Spellcasting
 + Level 5.8 Hexes


You had 3 spell levels left.
You knew the following spells:

 Your Spells              Type           Power        Failure   Level
e - Tukima's Dance        Hex            23%          2%          3
q - Ensorcelled Hibernat  Hex/Ice        24%          4%          2
w - Confusing Touch       Hex            23%          2%          3

Your spell library contained the following spells:

 Spells                   Type           Power        Failure   Level
 Corona                   Hex            25%          1%          1
 Slow                     Hex            23%          1%          2
 Magic Dart               Conj           8%           9%          1
 Dazzling Flash           Conj/Hex       24%          9%          3
 Blink                    Tloc           N/A          13%         2
 Call Imp                 Summ           2%           13%         2
 Conjure Flame            Conj/Fire      2%           26%         3
 Mephitic Cloud           Conj/Pois/Air  2%           26%         3


Dungeon Overview and Level Annotations

Branches:
Dungeon (5/15)
 Temple: D:4-7

Altars:
Elyvilon
Kikubaaqudgha
Okawaru
Xom
The Shining One

Shops:
D:5 }

Annotations:
D:4 exclusion: 2 downstairs


Innate Abilities, Weirdness & Mutations

You are very small and have problems with some larger weapons.
You are too small for most types of armour.
You have supernaturally acute eyesight. (SInv)
You cover ground extremely quickly.


Message History

Aim: an orc priest, wielding a +0 whip and wearing a +0 scale mail (chance to affect: 43%)
The orc priest looks drowsy...
The helpless orc priest fails to defend itself.
You perforate the orc priest like a sieve!!!
You kill the orc priest!
Kikubaaqudgha accepts your kill.
The orc priest invokes the aid of Beogh against you.
Beogh smites you!
Things that are here:
a +0 whip; a +0 scale mail
Casting: Ensorcelled Hibernation (safe; 4% risk of failure)
Confirm with . or Enter, or press ? or * to list all spells.
Aiming: Ensorcelled Hibernation (safe; 4% risk of failure)
Press: ? - help, Shift-Dir - straight line, f - orc priest
Aim: an orc priest, wielding a +0 hand axe and wearing a +0 chain mail (chance to affect: 43%)
The orc priest resists with some effort.
The orc priest mumbles some strange prayers to Beogh against you.
Beogh smites you!
You die...
Kikubaaqudgha rasps: "You have failed me!
Welcome... death!"

#. ##.## #.. #.# #####.####
#.. #. ##'## #).......# #..
#.##...###.###.##.# #..
#.#.....##........# #..
####........#..##....# ##.
...............##.÷..########.
...............o.....)_.)....(
##.........@.##....#########
##.......#........#
##.†...###.......#
#####...#######.####
#.........# #.#
#.####.##.#####.# #.#
#..........#
#.###)####.##.#######
#.....oo....#.#


You could see an orc priest.

Vanquished Creatures
  Sigmund (D:4)
  An ice beast (D:4)
  An ogre (D:5)
  2 jellies (D:5)
  A hound (D:3)
  An orc priest (D:5)
  4 orc wizards (D:5)
  A worker ant (D:4)
  2 hound skeletons
  A howler monkey skeleton (D:4)
  17 adders
  2 ufetubi (D:5)
  An ooze (D:3)
  An adder skeleton (D:4)
  4 worms
  2 dart slugs
  3 leopard geckos
  9 orcs
  2 giant cockroaches
  6 hobgoblins
  2 jackals (D:5)
  8 kobolds
  4 quokkas
  A ball python (D:1)
  11 bats
  5 frilled lizards
  4 goblins
  A leopard gecko skeleton (D:4)
  11 rats
109 creatures vanquished.

Vanquished Creatures (others)
  A quokka (D:3)
1 creature vanquished.

Grand Total: 110 creatures vanquished

Notes
Turn   | Place    | Note
-------+----------+-------------------------------------------
     0 | D:1      | teolandon225 the Spriggan Enchanter began the quest for the
                  | Orb.
     0 | D:1      | Reached XP level 1. HP: 9/9 MP: 5/5
   799 | D:1      | Reached XP level 2. HP: 5/13 MP: 6/6
   802 | D:1      | Learned a level 2 spell: Ensorcelled Hibernation
  1206 | D:1      | Reached skill level 5 in Stealth
  2505 | D:2      | Reached XP level 3. HP: 16/16 MP: 2/8
  2576 | D:2      | Found a glowing golden altar of the Shining One.
  2723 | D:2      | Found an iron altar of Okawaru.
  3377 | D:2      | Reached XP level 4. HP: 21/21 MP: 6/9
  3753 | D:3      | Reached skill level 6 in Stealth
  3753 | D:3      | Reached skill level 1 in Shields
  4430 | D:3      | Reached XP level 5. HP: 24/24 MP: 10/10
  4909 | D:3      | Reached skill level 7 in Stealth
  5060 | D:3      | Found a shimmering altar of Xom.
  5075 | D:3      | Found a white marble altar of Elyvilon.
  5581 | D:4      | Learned a level 3 spell: Confusing Touch
  5585 | D:4      | Learned a level 3 spell: Tukima's Dance
  5813 | D:4      | Reached XP level 6. HP: 23/28 MP: 6/11
  5950 | D:4      | Noticed Sigmund
  5952 | D:4      | Killed Sigmund
  5953 | D:4      | Reached skill level 5 in Hexes
  6178 | D:5      | Entered Level 5 of the Dungeon
  6180 | D:5      | Got an ichor-stained scimitar
  6209 | D:5      | Reached skill level 8 in Stealth
  6281 | D:4      | Reached skill level 5 in Dodging
  6305 | D:5      | Noticed an ice beast
  6482 | D:4      | Killed an ice beast
  6483 | D:4      | Reached XP level 7. HP: 24/32 MP: 7/12
  6791 | D:5      | Found Ynwonae's Gadget Boutique.
  6798 | D:5      | Bought a wand of paralysis (5) for 84 gold pieces
  7184 | D:5      | Reached skill level 9 in Stealth
  7197 | D:5      | Found an ancient bone altar of Kikubaaqudgha.
  7206 | D:5      | Became a worshipper of Kikubaaqudgha
  7766 | D:5      | Killed from afar by an orc priest

Illustrated notes

Levels and vault maps discovered:
D:1:      lightli_arrival_quake, layout_basic, chequers_serial_rivers_large_a,
          fountainhead
D:2:      layout_loops_corners, lemuel_round_altar,
          nicolae_overflow_crystal_walls
D:3:      minmay_skewed_foursquare, layout_basic, elyvilon_altar_4,
          general_overflow_altar
D:4:      layout_loops_ring, uniq_sigmund
D:5:      layout_loops_corners, overflow_temple_1_default, serial_shops,
          nicolae_shop_crystal

Skill      XL: |  1  2  3  4  5  6  7 |
---------------+----------------------+-----
Hexes          | 4 5 |  5.8
Stealth        | 5 6 7 8 9 |  9.4
Shields        | 1 2 3 |  3.4
Dodging        | 4 5 |  5.8
Short Blades   | |  1.1
Spellcasting   | |  2.6

Action                   |  1- 3 |  4- 6 |  7- 9 || total
-------------------------+-------+-------+-------++-------
Melee: Dagger            |    82 |   143 |    68 ||   293
 Fire: Hunting sling     |     4 |    12 |       ||    16
Throw: Stone             |     4 |       |       ||     4
 Cast: Corona            |     6 |       |       ||     6
       Ensorcelled Hiber |    34 |    27 |    26 ||    87
       Confusing Touch   |       |     3 |     5 ||     8
Evoke: Wand              |       |       |     1 ||     1
  Use: Potion            |     1 |       |       ||     1
       Scroll            |       |     7 |     1 ||     8
 Stab: Sleeping          |    30 |    30 |    16 ||    76
       Confused          |       |     2 |     3 ||     5
       Paralysed         |       |       |     1 ||     1
Armor: Robe              |     9 |    14 |    11 ||    34
Dodge: Dodged            |    54 |    92 |    45 ||   191
Block: Buckler           |     4 |    64 |    24 ||    92
